cohdb
Replays
Latest Replays
All Replays
Popular Replays
Top Player Replays
Match Explorer
How It Works
Community
CoH3 Stats
Reddit
Sign in to upload your games and track your stats! →
Sign in with Steam
Match 39558496
Unlisted
Match 39558496
Overview
Messages
Build Orders
End
Construct Infanterie Kompanie
Selects Terror Battlegroup
Selects Machine Gun Camouflage
Grenadier Squad
Grenadier Squad
Grenadier Squad
MG 42 Machine Gun Team
Grenadier Squad
Construct Luftwaffe Kompanie
Selects Defend the Fatherland
Jäger Squad
Support Elements
GrW 34 Mortar Team
Wirbelwind Flakpanzer
Selects Contempt for the Weak
Wirbelwind Flakpanzer
Jäger Squad
Marder III M Tank Destroyer
Jäger Squad
Flak 30 Anti-aircraft Gun Team
Medical Station
PayPerPaper
junkmail
0
0
Comments
sign in to comment!
No comments posted yet!